 Dungeon Crawl Stone Soup version 0.27-a0-46-g34d46f0a3f (webtiles) character file.

Game seed: 12901264103387192342

170 Borgoz the Ruffian (level 5, -8/45 HPs)
             Began as a Ghoul Gladiator on Jan 6, 2021.
             Mangled by an iguana (10 damage)
             ... on level 3 of the Dungeon.
             The game lasted 00:02:21 (2417 turns).

Borgoz the Ruffian (Ghoul Gladiator)                Turns: 2417, Time: 00:02:21

Health: -8/45      AC:  5    Str: 18    XL:     5   Next: 51%
Magic:  0/4        EV: 13    Int:  3    God:
Gold:   96         SH:  0    Dex: 11    Spells: 4/4 levels left

rFire    . . .     SeeInvis .     - Unarmed
rCold    + . .     Faith    .   (no shield)
rNeg     + + +     Spirit   +   a - +0 leather armour
rPois    ∞         Reflect  .   b - +0 helmet
rElec    .         Harm     .   q - +0 cloak
rCorr    .         Rampage  .   (no gloves)
Will     .....                  (no boots)
Stlth    +.........             d - amulet of guardian spirit
HPRegen  0.00/turn              (no ring)
MPRegen  0.09/turn              (no ring)

@: hasted, very quick
A: claws 1, cold resistance 1, negative energy resistance 3, inhibited
regeneration, torment resistance, unbreathing
a: no special abilities


You were on level 3 of the Dungeon.
You visited 1 branch of the dungeon, and saw 4 of its levels.

You collected 96 gold pieces.

Inventory:

Missiles
 c - 3 throwing nets (quivered)
Armour
 a - a +0 leather armour (worn)
 b - a +0 helmet (worn)
 q - a +0 cloak (worn)
Jewellery
 d - an amulet of guardian spirit (around neck)
Scrolls
 f - a scroll of noise {unknown}
 g - 6 scrolls of identify {unknown}
 i - a scroll of remove curse
 j - 3 scrolls of fog {unknown}
 k - a scroll of enchant armour {unknown}
 m - a scroll of blinking {unknown}
 n - a scroll of amnesia {unknown}
 p - a scroll of magic mapping {unknown}
 u - a scroll of teleportation {unknown}
Potions
 e - 2 potions of ambrosia {unknown}
 h - a potion of lignification
 l - a potion of heal wounds {unknown}
 o - a potion of flight {unknown}
 r - a potion of mutation {unknown}
 t - a potion of might {unknown}
 v - a potion of curing {unknown}


   Skills:
 + Level 3.2 Fighting
 - Level 1.7 Throwing
 * Level 4.0 Dodging
 * Level 4.9 Unarmed Combat


You had 4 spell levels left.
You didn't know any spells.
Your spell library was empty.

Dungeon Overview and Level Annotations

Branches:
Dungeon (4/15)
 Temple: D:4-7

Altars:

Annotations:
D:3 1 runed translucent door, Crazy Yiuf


Innate Abilities, Weirdness & Mutations

You thrive by killing the living.
You are immune to poison.
You have sharp fingernails.
Your flesh is cold resistant. (rC+)
You are immune to negative energy. (rN+++)
You do not regenerate when monsters are visible.
You are immune to unholy pain and torment.
You can survive without breathing.


Message History

The giant cockroach bites you but does no damage.
The iguana closely misses you.
You climb upwards.
Level annotation: 1 runed translucent door, Crazy Yiuf A giant cockroach comes into view.
You feel less confused.
There is a stone staircase leading down here.
It was a potion of lignification.
You feel woody for a moment.
The giant cockroach completely misses you.
The orc wizard points at you and mumbles some strange words.
The magic dart hits you!
* * * LOW HITPOINT WARNING * * *
The iguana closely misses you.
It was a potion of haste.
You feel yourself speed up.
The giant cockroach bites you but does no damage.
The orc wizard casts a spell at itself.
The orc wizard flickers and vanishes!
Deactivating autopickup; reactivate with Ctrl-A.
The iguana bites you!
You die...

......#...##.####.#.......
.......#.)....(##.#.......
##.###..##...<÷...).......
#.####.#####.............
#....#...######.#........
#......#......#.#........
.....###..#####............
..# ##B#######..........
#l@{..###.(#.......
#####B..>..#.#....^
#####.........# ##.##......
#.##...... #.........
####...... #...... #......


You could see an iguana and 2 giant cockroaches.

Vanquished Creatures
  A howler monkey (D:4)
  5 adders
  A worm (D:2)
  2 dart slugs
  A leopard gecko (D:4)
  6 orcs
  2 ball pythons
  4 bats
  5 giant cockroaches
  4 goblins
  4 hobgoblins
  14 jackals
  6 kobolds
  3 quokkas
  2 frilled lizards (D:1)
  6 rats
66 creatures vanquished.

Notes
Turn   | Place    | Note
-------+----------+-------------------------------------------
     0 | D:1      | Borgoz the Ghoul Gladiator began the quest for the Orb.
     0 | D:1      | Reached XP level 1. HP: 17/17 MP: 0/0
   302 | D:1      | Reached XP level 2. HP: 24/25 MP: 1/1
   756 | D:2      | Reached XP level 3. HP: 20/30 MP: 0/2
  1282 | D:2      | Reached XP level 4. HP: 37/37 MP: 3/3
  1676 | D:2      | HP: 1/37 [adder (1)]
  2315 | D:3      | Found a runed translucent door.
  2316 | D:3      | Noticed Crazy Yiuf
  2352 | D:3      | You fall into a shaft and drop 1 floor!
  2355 | D:4      | Reached XP level 5. HP: 45/45 MP: 4/4
  2399 | D:4      | Noticed a phantom
  2416 | D:3      | HP: 2/45 [orc wizard/magic dart (5)]
  2417 | D:3      | Mangled by an iguana

Illustrated notes

Levels and vault maps discovered:
D:1:      wheals_arrival_shading, layout_basic, chequers_serial_rivers_micro_e
D:2:      layout_basic, minivault_24
D:3:      minmay_diamond_boxcup, layout_rooms, old_standard_altar,
          uniq_crazy_yiuf_cottage
D:4:      layout_cave_pools

Skill      XL: |  1  2  3  4  5 |
---------------+----------------+-----
Dodging        | 3 4 |  4.0
Unarmed Combat | 4 |  4.9
Fighting       | 3 |  3.2
Throwing       | |  1.7

Action                   |  1- 3 |  4- 6 || total
-------------------------+-------+-------++-------
Melee: Unarmed           |    95 |   155 ||   250
       Punch             |     1 |     5 ||     6
Throw: Throwing net      |       |     3 ||     3
  Use: Scroll            |     1 |       ||     1
       Potion            |       |     2 ||     2
 Stab: Sleeping          |     1 |       ||     1
Armor: Leather armour    |    22 |    88 ||   110
Dodge: Dodged            |    57 |   202 ||   259

Table legend: (Time is in decaauts)
 A = Elapsed time spent in this place.
 B = Non-inter-level travel time spent in this place.
 C = Inter-level travel time spent in this place.
 D = Time resting spent in this place.
 E = Time spent auto-exploring this place.
 F = Levels seen in this place.
 G = Mean time per level.
                   A        B        C        D        E       F      G
               +--------+--------+--------+--------+--------+-----+--------+
         Total |   2397 |   2345 |     52 |    442 |   1475 |   4 |  599.2 |
       Dungeon |   2397 |   2345 |     52 |    442 |   1475 |   4 |  599.2 |
               +--------+--------+--------+--------+--------+-----+--------+

Top non-repeatable levels by time:
     D:2: 1201 daAuts
     D:1: 697 daAuts
     D:3: 438 daAuts
     D:4: 59 daAuts
